 Dungeon Crawl Stone Soup version 0.31-a0-222-gefeffbb62a (webtiles) character file.

Game seed: 18429823383777035470

33 qw the Shield-Bearer (level 3, -8/23 HPs)
             Began as a Gargoyle Fighter on July 4, 2023.
             Killed by divine providence
             ... invoked by an orc priest
              (15 damage)
             ... on level 2 of the Dungeon.
             The game lasted 00:00:21 (987 turns).

qw the Shield-Bearer (Gargoyle Fighter)              Turns: 987, Time: 00:00:22

Health: -8/23      AC: 10    Str: 21    XL:     3   Next: 29%
Magic:  3/3        EV:  9    Int:  8    God:
Gold:   49         SH:  4    Dex:  9    Spells: 2/2 levels left

rFire   . . .        Y - +1 war axe
rCold   . . .        c - +0 buckler
rNeg    + . .        b - +0 scale mail
rPois   inf          (no helmet)
rElec   +            (no cloak)
rCorr   .            (no gloves)
SInv    .            (no boots)
Will    .....        (no amulet) Stlth
                     (no ring)
HPRegen 0.23/turn    (no ring)
MPRegen 0.08/turn

%: no passive effects
@: no status effects
A: sickness immunity, AC +3, negative energy resistance 1, electricity
resistance, torment resistance 1, petrification resistance
a: no special abilities


You were on level 2 of the Dungeon.
You visited 1 branch of the dungeon, and saw 2 of its levels.

You collected 49 gold pieces.


Innate Abilities, Weirdness & Mutations

You are immune to sickness and miasma.
Your stone body is resilient. (AC +3)
You are immune to poison.
You resist negative energy. (rN+)
You are resistant to electric shocks. (rElec)
You are resistant to unholy torment.
You are immune to petrification.


   Skills:
 - Level 3.2 Fighting
 + Level 3.1 Axes
 - Level 0.5 Throwing
 - Level 3.2 Armour
 - Level 3.2 Shields


You had 2 spell levels left.
You didn't know any spells.
Your spell library was empty.

Inventory:

Hand Weapons
 e - a +0 club
 Y - a +1 war axe (weapon)
Armour
 b - a +0 scale mail (worn)
 c - a +0 buckler (worn)
Scrolls
 a - a scroll of revelation {unknown}
Potions
 d - a potion of might
 f - a potion of brilliance {unknown}
 h - a potion of resistance {unknown}
 i - 2 potions of heal wounds {unknown}

Dungeon Overview and Level Annotations

Branches:
Dungeon (2/15)

Altars:

Shops:
D:1 [


Message History

An orc comes into view. It is wielding a +0 hand axe. x2
973 ||| Stepping ~*~*~tactically~*~*~ (hiding).
You throw a javelin. The javelin barely misses the orc.
You barely miss the orc.
The orc shouts!
The orc hits you but does no damage.
You hit the orc.
The orc is severely wounded.
The orc hits you with a +0 short sword. The orc hits you but does no damage.
You barely miss the orc.
The orc is severely wounded.
You slash the orc!
You kill the orc!
You barely miss the orc. The orc hits you but does no damage.
The orc hits you with a +0 dagger.
The orc priest mumbles some strange prayers to Beogh against you.
Beogh smites you!
Ouch! That really hurt!
You closely miss the orc. The orc hits you but does no damage.
You hit the orc but do no damage. The orc barely misses you.
You slash the orc!
You kill the orc!
The orc closely misses you.
You closely miss the orc. The orc closely misses you.
You slash the orc!
You kill the orc!
You closely miss the orc priest. The orc priest barely misses you.
You block the orc priest's attack.
You slash the orc priest!
The orc priest is heavily wounded.
The orc priest hits you but does no damage.
You completely miss the orc priest.
The orc priest is heavily wounded.
The orc priest calls down the wrath of Beogh upon you.
Beogh smites you!
Ouch! That really hurt!
You die...

#####...#
##..#......#
##..###....##
##..## .#...#
#..## ...#.?
#.## ### .
###.# #...#
#@### #o#


#o..oooo# #.....(## ...(...# #.###### #.# ..# ... You could see an orc priest
and an orc.

Vanquished Creatures
  A dart slug (D:1)
  3 orcs (D:2)
  4 ball pythons
  An endoplasm (D:1)
  3 goblins (D:1)
  4 hobgoblins (D:1)
  2 jackals (D:1)
  2 kobolds (D:1)
  2 bats (D:1)
  2 frilled lizards (D:1)
  A rat (D:1)
25 creatures vanquished.

Notes
Turn   | Place    | Note
-------+----------+-------------------------------------------
     0 | D:1      | qw the Gargoyle Fighter began the quest for the Orb.
     0 | D:1      | Reached XP level 1. HP: 14/14 MP: 1/1
     0 | D:1      | 0 ||| qw: Version: 0.3-a-46-gb1f654a
     0 | D:1      | 0 ||| qw: Game counter: 853
     0 | D:1      | 0 ||| qw: Melee chars always use a shield: true
     0 | D:1      | 0 ||| qw: God list: Okawaru
     0 | D:1      | 0 ||| qw: Allow faded altars: false
     0 | D:1      | 0 ||| qw: Do Orc after clearing Dungeon:15 true
     0 | D:1      | 0 ||| qw: Do second Lair branch before Depths: true
     0 | D:1      | 0 ||| qw: Lair rune preference: random
     0 | D:1      | 0 ||| qw: Goals: Normal, Zot:1-4, Slime:5, God:TSO, Crypt,
                  | Tomb, Abyss, Pan, Hells, Win
     0 | D:1      | 0 ||| PLANNING D:1-11
   120 | D:1      | 120 ||| FLEEEEING.
   121 | D:1      | 121 ||| FLEEEEING.
   122 | D:1      | 122 ||| FLEEEEING.
   123 | D:1      | 123 ||| FLEEEEING.
   165 | D:1      | Reached XP level 2. HP: 12/19 MP: 2/2
   200 | D:1      | 200 ||| Stepping ~*~*~tactically~*~*~ (stealth).
   201 | D:1      | 201 ||| Stepping ~*~*~tactically~*~*~ (stealth).
   245 | D:1      | 245 ||| Stepping ~*~*~tactically~*~*~ (stealth).
   330 | D:1      | Reached skill level 3 in Axes
   408 | D:1      | Found Wipsyoh's Antique Armour Shoppe.
   414 | D:1      | 414 ||| SHOPLISTING dyed leather armour (90 gold, have 12).
   414 | D:1      | 414 ||| SHOPLISTING glowing cloak (135 gold, have 12).
   414 | D:1      | 414 ||| SHOPLISTING pair of embroidered gloves (135 gold,
                  | have 12).
   499 | D:1      | Reached XP level 3. HP: 23/23 MP: 3/3
   654 | D:1      | 654 ||| Stepping ~*~*~tactically~*~*~ (hiding).
   860 | D:1      | 860 ||| READING scroll labelled BEHUAV OWKI.
   861 | D:1      | 861 ||| READING scroll labelled TASAYR FUIPP.
   973 | D:2      | 973 ||| Stepping ~*~*~tactically~*~*~ (hiding).
   979 | D:2      | HP: 4/23 [orc priest/divine providence (15)]
   987 | D:2      | Killed from afar by an orc priest

Levels and vault maps discovered:
D:1:      tarquinn_simple_flora_water_b, layout_basic, serial_corexii_hall,
          corexii_hall_statues_l, chequers_hall_statues_wall_a,
          corexii_hall_statues_i, corexii_hall_statues_deadend, serial_shops,
          shop, corexii_hall_statues_s, hangedman_abyss_or_decor_stabs
D:2:      layout_rooms, uniq_sigmund

Skill      XL: |  1  2 |
---------------+-------+-----
Axes           | 2 3 |  3.1
Fighting       | |  3.2
Throwing       | |  0.5
Armour         | |  3.2
Shields        | |  3.2

Action                     || total
---------------------------++-------
  Melee: War axe           ||    41
  Throw: Javelin           ||    22
    Use: Scroll            ||     2
 Armour: Scale mail        ||    15
  Dodge: Dodged            ||    12
  Block: Buckler           ||     7

Table legend:
 A = Non-vault XP
 B = Vault XP
 C = Vault XP percentage of total XP
 D = Non-vault monster count
 E = Vault monster count
 F = Vault count percentage of total count
                 A         B        C        D         E       F
            +---------+---------+-------+---------+---------+-------
      Total |      48 |       0 |   0.0 |      25 |       0 |   0.0
            +---------+---------+-------+---------+---------+-------
        D:1 |      37 |       0 |   0.0 |      21 |       0 |   0.0
        D:2 |      11 |       0 |   0.0 |       4 |       0 |   0.0
            +---------+---------+-------+---------+---------+-------
